 Dungeon Crawl Stone Soup version 0.31.0-11-ge490571c62 (webtiles) character file.

Game seed: 13429642356119676653

227 sanka the Chopper (level 6, -2/52 HPs)
             Began as a Hill Orc Fighter on Jan 27, 2024.
             Splashed by a jelly's acid (7 damage)
             ... on level 4 of the Dungeon.
             The game lasted 00:03:37 (2212 turns).

sanka the Chopper (Hill Orc Fighter)                Turns: 2212, Time: 00:03:38

Health: -2/52      AC: -4    Str: 19    XL:     6   Next: 2%
Magic:  6/6        EV:  7    Int:  8    God:
Gold:   183        SH:  4    Dex: 12    Spells: 5/5 levels left

rFire   . . .        a - +0 war axe
rCold   . . .        c - +0 buckler
rNeg    . . .        n - +0 chain mail
rPois   .            m - +0 helmet
rElec   .            (no cloak)
rCorr   .            v - +0 pair of gloves
SInv    +            (no boots)
Will    .....        (no amulet) Stlth
                     (no ring)
HPRegen 0.28/turn    f - ring of see invisible
MPRegen 0.10/turn

%: no passive effects
@: corroded
A: no striking features
a: no special abilities


You were on level 4 of the Dungeon.
You visited 1 branch of the dungeon, and saw 4 of its levels.

You collected 183 gold pieces.


   Skills:
 - Level 4.0 Fighting
 + Level 7.8 Axes
 - Level 3.2 Armour
 - Level 3.2 Shields


You had 5 spell levels left.
You didn't know any spells.
Your spell library contained the following spells:

 Spells                   Type           Power      Damage    Failure   Level
 Shock                    Conj/Air       0%         1d3       99%         1
 Swiftness                Air            0%         N/A       100%        3
 Airstrike                Air            0%         2d(0-16)  100%        4

Inventory:

Hand Weapons
 a - a +0 war axe (weapon)
Armour
 c - a +0 buckler (worn)
 m - a +0 helmet (worn)
 n - a +0 chain mail (worn)
 v - a +0 pair of gloves (worn)
Jewellery
 f - a ring of see invisible (right hand)
 l - a ring of ice
Talismans
 q - a flux talisman
 r - a beast talisman
Wands
 s - a wand of flame (23)
Scrolls
 b - 2 scrolls of teleportation {unknown}
 g - a scroll of blinking {unknown}
 h - 3 scrolls of identify {unknown}
 j - 2 scrolls of noise {unknown}
 k - a scroll of silence {unknown}
 p - a scroll of enchant weapon {unknown}
 u - a scroll of revelation {unknown}
 y - a scroll of immolation {unknown}
Potions
 d - a potion of might
 e - a potion of brilliance {unknown}
 i - a potion of mutation {unknown}
 o - a potion of berserk rage {unknown}
 t - a potion of magic {unknown}
 w - 2 potions of haste {unknown}
 x - a potion of curing {unknown}

Dungeon Overview and Level Annotations

Branches:
Dungeon (4/15)
 Temple: D:4-7

Altars:
Nemelex Xobeh
Zin

Shops:
D:1

* )▒▒▒ ...▒ ▒▒
....▒ ▒> ▒....▒ ▒.
▒...▒▒▒
...▒▒▒!▒▒▒▒.......
▒....Jo.▒<..<....
▒▒▒▒▒.▒..[.......
▒............
▒..▒▒.......)
...▒▒ ▒▒..▒▒▒▒.
▒... ...▒ ▒...
...♣ ▒... ...♣ ▒.
♣.♣♣


You could see a jelly.


Message History

Unknown command.
You hit the endoplasm.
You kill the endoplasm!
You hit the jelly.
Your hands burn!
* * * LOW HITPOINT WARNING * * *
The jelly barely misses you.
You hit the jelly. The acid corrodes you!
Your hands burn!
* * * LOW HITPOINT WARNING * * *
The jelly is severely wounded.
The jelly barely misses you.
Unknown command.
You barely miss the jelly.
The jelly is severely wounded.
The jelly hits you.
* * * LOW HITPOINT WARNING * * *
You are splashed with acid!
* * * LOW HITPOINT WARNING * * *
Unknown command.
You hit the jelly but do no damage.
Your hands burn!
* * * LOW HITPOINT WARNING * * *
The jelly is severely wounded.
The jelly hits you.
* * * LOW HITPOINT WARNING * * *
The acid corrodes you!
You are splashed with acid!
You die...

Action                     |  1- 3 |  4- 6 || total
---------------------------+-------+-------++-------
  Melee: War axe           |    69 |   108 ||   177
 Armour: Scale mail        |    71 |    18 ||    89
         Chain mail        |       |    60 ||    60
  Dodge: Dodged            |    43 |    38 ||    81
  Block: Buckler           |    22 |    24 ||    46

Levels and vault maps discovered:
D:1:      shiori_arrival_maze, layout_basic, serial_shops, shop
D:2:      layout_rooms, uniq_terence, uniq_robin, uniq_natasha
D:3:      layout_basic, lemuel_crystal_altar, nemelex_altar_shiori,
          serial_glass, glass_columns_a, glass_columns_a,
          kennysheep_big_empty_room
D:4:      layout_rooms, mainiacjoe_overflow_24_doors,
          hangedman_abyss_or_decor_passed, uniq_crazy_yiuf_cottage

Notes
Turn   | Place    | Note
-------+----------+-------------------------------------------
     0 | D:1      | sanka the Hill Orc Fighter began the quest for the Orb.
     0 | D:1      | Reached XP level 1. HP: 19/19 MP: 1/1
    79 | D:1      | Reached skill level 3 in Axes
   100 | D:1      | Reached XP level 2. HP: 27/27 MP: 2/2
   125 | D:1      | Reached skill level 4 in Fighting
   433 | D:1      | Found Petry's Assorted Antiques.
   445 | D:1      | Reached skill level 4 in Axes
   687 | D:2      | Noticed Robin
   692 | D:2      | Reached XP level 3. HP: 18/33 MP: 3/3
   777 | D:2      | Killed Robin
   778 | D:2      | Reached skill level 5 in Axes
   781 | D:2      | Reached XP level 4. HP: 6/40 MP: 4/4
   782 | D:2      | HP: 4/40 [poisoned by an adder]
   944 | D:2      | Noticed Terence
   951 | D:2      | HP: 4/40 [Terence/+2 heavy flail (15)]
   954 | D:2      | Killed Terence
  1141 | D:2      | Reached skill level 6 in Axes
  1347 | D:2      | Noticed Natasha
  1351 | D:2      | Reached XP level 5. HP: 46/46 MP: 5/5
  1353 | D:2      | Killed Natasha
  1386 | D:2      | Noticed Natasha
  1393 | D:2      | Killed Natasha
  1394 | D:2      | Reached skill level 7 in Axes
  1629 | D:3      | Found a glowing silver altar of Zin.
  1654 | D:3      | Found a sparkling altar of Nemelex Xobeh.
  2007 | D:3      | Reached XP level 6. HP: 52/52 MP: 6/6
  2212 | D:4      | HP: 5/52 [jelly (3)]
  2212 | D:4      | Splashed by a jelly's acid

Vanquished Creatures
  Natasha (twice) (D:2)
  An orc wizard (D:3)
  Terence (D:2)
  Robin (D:2)
  3 adders (D:2)
  A ribbon worm (D:2)
  3 dart slugs
  4 orcs (D:3)
  4 bats
  4 endoplasms
  A giant cockroach (D:1)
  5 hobgoblins
  7 jackals
  6 quokkas
  4 ball pythons (D:3)
  A frilled lizard (D:3)
  17 goblins
  8 kobolds
  4 rats
77 creatures vanquished.
